 Dungeon Crawl Stone Soup version 0.31.0-9-g3a7656b989 (webtiles) character file.

Game seed: 14615204837642985684

1598 qw the Skirmisher (level 8, -4/40 HPs)
             Began as a Spriggan Hunter on Feb 2, 2024.
             Slain by a kobold brigand
             ... wielding a +0 club
              (8 damage)
             ... on level 6 of the Dungeon.
             The game lasted 00:00:23 (4869 turns).

qw the Skirmisher (Spriggan Hunter)                 Turns: 4869, Time: 00:00:23

Health: -4/40      AC:  2    Str:  7    XL:     8   Next: 62%
Magic:  9/9        EV: 29    Int: 11    God:
Gold:   57         SH:  0    Dex: 20    Spells: 7/7 levels left

rFire   . . .        a - +0 shortbow
rCold   . . .        (shield currently unavailable)
rNeg    . . .        c - +0 robe
rPois   .            (helmet restricted)
rElec   .            (no cloak)
rCorr   .            (gloves unavailable)
SInv    +            (boots unavailable)
Will    +....        (no amulet)
Stlth   ++           g - +5 ring of evasion
HPRegen 0.26/turn    (no ring)
MPRegen 0.11/turn

%: no passive effects
@: very quick
A: very small, no large weapons, unfitting armour, see invisible, speed 3
a: no special abilities


You were on level 6 of the Dungeon.
You visited 1 branch of the dungeon, and saw 6 of its levels.

You collected 275 gold pieces.
You spent 218 gold pieces at shops.


Innate Abilities, Weirdness & Mutations

You are very small and have problems with some larger weapons.
You are too small for most types of armour.
You have supernaturally acute eyesight. (SInv)
You cover ground extremely quickly. (Speed+++)


   Skills:
 - Level 3.2 Fighting
 + Level 9.0 Ranged Weapons
 - Level 9.0 Dodging
 - Level 1.5 Stealth


You had 7 spell levels left.
You didn't know any spells.
Your spell library was empty.

Inventory:

Hand Weapons
 a - a +0 shortbow (weapon)
Armour
 c - a +0 robe (worn)
Jewellery
 g - a +5 ring of evasion (left hand)
Wands
 b - a wand of polymorph (15)
 d - a wand of quicksilver (19)
Scrolls
 h - 2 scrolls of identify
 i - a scroll of enchant weapon {unknown}
Potions
 e - a potion of haste
 f - a potion of mutation {unknown}
 k - 3 potions of curing
 l - a potion of might
 n - a potion of cancellation

Dungeon Overview and Level Annotations

Branches:
Dungeon (6/15)
 Temple: D:4-7

Altars:

Shops:
D:5 ?*:?[!   D:6 **

Annotations:
D:5 1 runed translucent door, qw's ghost, novice DjHu


Message History

You feel sick.
You shoot an arrow. The arrow hits the kobold brigand.
The kobold brigand is heavily wounded.
You feel sick.
You are no longer poisoned.
The kobold brigand hits you with a +0 club.
The kobold closely misses you.
You shoot an arrow. The arrow hits the kobold brigand.
The kobold brigand is heavily wounded.
The kobold brigand misses you. The kobold misses you.
You shoot an arrow. The arrow hits the kobold brigand.
The kobold brigand is severely wounded.
The kobold brigand misses you. The kobold misses you.
You shoot an arrow.
The arrow hits the kobold brigand but does no damage.
The kobold brigand is severely wounded.
The kobold brigand hits you with a +0 club!
The kobold misses you.
You shoot an arrow.
The arrow closely misses the kobold brigand.
The kobold brigand hits you with a +0 club!
The kobold misses you.
You shoot an arrow. The arrow misses the kobold brigand.
The kobold brigand completely misses you.
The kobold closely misses you.
You shoot an arrow.
The arrow closely misses the kobold brigand.
The kobold brigand completely misses you.
The kobold misses you.
You shoot an arrow.
The arrow hits the kobold brigand but does no damage.
The kobold brigand is severely wounded.
You shoot an arrow. The arrow hits the kobold brigand!
The kobold brigand is almost dead.
The kobold brigand hits you with a +0 club!
The kobold completely misses you.
You shoot an arrow.
The arrow completely misses the kobold brigand.
The kobold brigand hits you with a +0 club!
You die...

##.####..#..#
#..#[.....# #...##
#.......### .....#
#.......# )....#
###.......)...
.....#
....)....####.
)....# ###......#
.....# ###......#
#####K...#
##.......# ##...@K#
#........###..#####
..#..........##
..........####
###########


You could see a kobold brigand and a kobold.

Vanquished Creatures
  Sigmund (D:2)
  A black bear (D:5)
  An ice beast (D:4)
  Blork the orc (D:4)
  4 scorpions
  5 wights (D:6)
  A howler monkey (D:6)
  A bombardier beetle (D:4)
  6 hounds
  2 orc priests (D:6)
  A jelly (D:5)
  3 sleepcaps
  5 iguanas
  8 adders
  2 adder zombies (D:2)
  A dart slug (D:5)
  3 ribbon worms
  2 orcs
  8 ball pythons
  3 bats
  5 endoplasms
  A giant cockroach (D:1)
  6 goblins
  3 hobgoblins
  4 jackals
  11 kobolds
  2 quokkas (D:2)
  A ball python skeleton (D:2)
  A ball python zombie (D:2)
  4 frilled lizards
  4 rats
101 creatures vanquished.

Notes
Turn   | Place    | Note
-------+----------+-------------------------------------------
     0 | D:1      | qw the Spriggan Hunter began the quest for the Orb.
     0 | D:1      | Reached XP level 1. HP: 10/10 MP: 2/2
     0 | D:1      | 0 ||| qw: Version: 0.3-a-155-g5e7d8dd
     0 | D:1      | 0 ||| qw: Game counter: 1232
     0 | D:1      | 0 ||| qw: Melee chars always use a shield: true
     0 | D:1      | 0 ||| qw: God list: Okawaru
     0 | D:1      | 0 ||| qw: Allow faded altars: false
     0 | D:1      | 0 ||| qw: Do Orc after clearing Dungeon:15 true
     0 | D:1      | 0 ||| qw: Do second Lair branch before Depths: true
     0 | D:1      | 0 ||| qw: Lair rune preference: random
     0 | D:1      | 0 ||| qw: Goals: Normal
     0 | D:1      | 0 ||| PLANNING D:1-11
    26 | D:1      | Reached skill level 3 in Dodging
   145 | D:1      | Reached XP level 2. HP: 14/14 MP: 3/3
   937 | D:1      | 937 ||| DROPPING +6 ring of intelligence.
   938 | D:1      | 938 ||| READING scroll labelled YSUPLU ZAARU.
   939 | D:1      | 939 ||| READING 2 scrolls labelled KOUB NUCWAGAUT.
   939 | D:1      | 939 ||| IDENTIFYING viscous cyan potion
   940 | D:1      | 940 ||| READING scroll of identify.
   940 | D:1      | 940 ||| IDENTIFYING puce potion
   941 | D:1      | 941 ||| READING scroll labelled ASAPRAERET.
   942 | D:1      | 942 ||| READING scroll labelled OKAEME ALUKKI.
  1043 | D:1      | 1043 ||| READING scroll labelled SIETRI OLITT.
  1144 | D:1      | 1144 ||| DROPPING scroll of butterflies.
  1145 | D:1      | 1145 ||| DROPPING potion of invisibility.
  1146 | D:1      | 1146 ||| DROPPING potion of degeneration.
  1162 | D:2      | 1162 ||| STAIRDANCE
  1167 | D:1      | Reached XP level 3. HP: 15/18 MP: 4/4
  1211 | D:2      | Noticed Sigmund
  1243 | D:2      | Killed Sigmund
  1244 | D:2      | Reached skill level 6 in Ranged Weapons
  1244 | D:2      | Reached XP level 4. HP: 9/22 MP: 5/5
  1244 | D:2      | Reached XP level 5. HP: 10/25 MP: 6/6
  1452 | D:2      | Found a faded altar of an unknown god.
  1759 | D:3      | 1759 ||| STAIRDANCE
  1764 | D:3      | 1764 ||| STAIRDANCE
  1770 | D:3      | 1770 ||| STAIRDANCE
  1777 | D:3      | 1777 ||| STAIRDANCE
  2425 | D:3      | 2425 ||| UPGRADING to +5 ring of evasion.
  2426 | D:3      | 2426 ||| READING scroll labelled MOMIUBBEHAB.
  2427 | D:3      | 2427 ||| READING scroll labelled XOAMOZX BANUAR.
  2428 | D:3      | 2428 ||| READING scroll labelled TUSTRO YRABU.
  2467 | D:4      | Reached XP level 6. HP: 30/30 MP: 7/7
  2541 | D:4      | Reached skill level 6 in Dodging
  2544 | D:4      | 2544 ||| FLEEEEING.
  2545 | D:4      | 2545 ||| FLEEEEING.
  2564 | D:4      | Noticed Blork the orc
  2572 | D:4      | Killed Blork the orc
  2580 | D:4      | Noticed an ice beast
  2581 | D:4      | 2581 ||| ZAPPING wand of quicksilver (10) at 0,-7 (ice
                  | beast; floor).
  2582 | D:4      | 2582 ||| ZAPPING wand of quicksilver (9) at 0,-6 (ice
                  | beast; floor).
  2582 | D:4      | Killed an ice beast
  2583 | D:4      | Reached XP level 7. HP: 35/35 MP: 8/8
  2862 | D:4      | 2862 ||| READING scroll labelled BIYHOI BEOSA.
  2880 | D:5      | Entered Level 5 of the Dungeon
  3020 | D:5      | Found a runed translucent door.
  3166 | D:5      | Found Xanim's Distillery.
  3174 | D:5      | 3174 ||| BUYING 2 potions of curing (60 gold).
  3174 | D:5      | Bought 2 potions of curing for 60 gold pieces
  3174 | D:5      | 3174 ||| BUYING potion of curing (30 gold).
  3174 | D:5      | Bought a potion of curing for 30 gold pieces
  3174 | D:5      | 3174 ||| BUYING potion of might (40 gold).
  3174 | D:5      | Bought a potion of might for 40 gold pieces
  3184 | D:5      | 3184 ||| RETREEEEATING.
  3186 | D:5      | 3186 ||| RETREEEEATING.
  3188 | D:5      | 3188 ||| RETREEEEATING.
  3325 | D:5      | Noticed qw's ghost (novice DjHu)
  3346 | D:5      | 3346 ||| ZAPPING wand of quicksilver (8) at -1,1 (black
                  | bear; floor).
  3348 | D:5      | 3348 ||| FLEEEEING.
  3349 | D:5      | 3349 ||| FLEEEEING.
  3351 | D:5      | 3351 ||| FLEEEEING.
  3352 | D:5      | 3352 ||| FLEEEEING.
  3353 | D:5      | 3353 ||| FLEEEEING.
  3354 | D:5      | 3354 ||| FLEEEEING.
  3355 | D:5      | 3355 ||| FLEEEEING.
  3356 | D:5      | 3356 ||| FLEEEEING.
  3357 | D:5      | 3357 ||| FLEEEEING.
  3358 | D:5      | 3358 ||| FLEEEEING.
  3359 | D:5      | 3359 ||| FLEEEEING.
  3361 | D:5      | 3361 ||| FLEEEEING.
  3362 | D:5      | 3362 ||| FLEEEEING.
  3363 | D:5      | 3363 ||| FLEEEEING.
  3364 | D:5      | 3364 ||| FLEEEEING.
  3365 | D:5      | 3365 ||| FLEEEEING.
  3434 | D:5      | Found Dilop's Book Emporium.
  3440 | D:5      | Found Matir's Magic Scroll Shoppe.
  3445 | D:5      | Found Omoweesm's Magic Scroll Shoppe.
  3445 | D:5      | Found Wysac's General Store.
  3464 | D:5      | 3464 ||| SHOPLISTING scroll of acquirement (572 gold, have
                  | 77).
  3464 | D:5      | 3464 ||| SHOPLISTING scroll of enchant weapon (82 gold,
                  | have 77).
  3464 | D:5      | 3464 ||| BUYING scroll of identify (22 gold).
  3464 | D:5      | Bought a scroll of identify for 22 gold pieces
  3464 | D:5      | 3464 ||| BUYING scroll of identify (22 gold).
  3464 | D:5      | Bought a scroll of identify for 22 gold pieces
  3464 | D:5      | 3464 ||| BUYING scroll of identify (22 gold).
  3464 | D:5      | Bought a scroll of identify for 22 gold pieces
  3464 | D:5      | 3464 ||| SHOPLISTING scroll of identify (22 gold, have 11).
  3464 | D:5      | 3464 ||| SHOPLISTING scroll of teleportation (33 gold, have
                  | 11).
  3469 | D:5      | Found Woagiuss's Book Shoppe.
  3469 | D:5      | Found Byczosiv's Antique Armour Emporium.
  3471 | D:5      | 3471 ||| SHOPLISTING potion of heal wounds (65 gold, have
                  | 19).
  3483 | D:5      | 3483 ||| SHOPLISTING runed scarf (200 gold, have 19).
  3489 | D:5      | 3489 ||| SHOPLISTING scroll of identify (24 gold, have 19).
  3489 | D:5      | 3489 ||| SHOPLISTING scroll of teleportation (36 gold, have
                  | 19).
  3675 | D:5      | Reached XP level 8. HP: 39/39 MP: 9/9
  3703 | D:5      | Reached skill level 3 in Fighting
  3985 | D:5      | 3985 ||| READING 4 scrolls of identify.
  3985 | D:5      | 3985 ||| IDENTIFYING amethyst potion
  3986 | D:5      | 3986 ||| READING 3 scrolls of identify.
  3986 | D:5      | 3986 ||| IDENTIFYING coppery potion
  3987 | D:5      | 3987 ||| READING 2 scrolls of identify.
  3987 | D:5      | 3987 ||| IDENTIFYING clear potion
  3988 | D:5      | 3988 ||| READING scroll of identify.
  3988 | D:5      | 3988 ||| IDENTIFYING black potion
  3989 | D:5      | 3989 ||| READING scroll labelled ATHRIH MENE.
  3990 | D:5      | 3990 ||| DROPPING potion of attraction.
  3991 | D:5      | 3991 ||| DROPPING potion of magic.
  4017 | D:6      | HP: 8/38 [wight/+1 scimitar (17)]
  4018 | D:6      | 4018 ||| READING scroll of teleportation.
  4023 | D:6      | HP: 9/40 [scorpion (1)]
  4027 | D:6      | HP: 3/40 [scorpion (4)]
  4212 | D:6      | 4212 ||| RETREEEEATING.
  4216 | D:6      | 4216 ||| RETREEEEATING.
  4219 | D:6      | 4219 ||| RETREEEEATING.
  4220 | D:6      | 4220 ||| RETREEEEATING.
  4221 | D:6      | 4221 ||| RETREEEEATING.
  4222 | D:6      | 4222 ||| STAIRDANCE
  4298 | D:5      | 4298 ||| READING scroll labelled JIM OW BIC.
  4299 | D:5      | 4299 ||| READING scroll labelled JOIPTYO IWEIL.
  4419 | D:6      | 4419 ||| FLEEEEING.
  4420 | D:6      | 4420 ||| FLEEEEING.
  4421 | D:6      | 4421 ||| FLEEEEING.
  4424 | D:6      | 4424 ||| FLEEEEING.
  4425 | D:6      | 4425 ||| FLEEEEING.
  4426 | D:6      | 4426 ||| FLEEEEING.
  4427 | D:6      | 4427 ||| STAIRDANCE
  4521 | D:6      | Reached skill level 9 in Ranged Weapons
  4603 | D:6      | 4603 ||| FLEEEEING.
  4607 | D:6      | 4607 ||| FLEEEEING.
  4608 | D:6      | 4608 ||| FLEEEEING.
  4609 | D:6      | 4609 ||| FLEEEEING.
  4612 | D:6      | 4612 ||| FLEEEEING.
  4613 | D:6      | 4613 ||| FLEEEEING.
  4615 | D:6      | 4615 ||| FLEEEEING.
  4616 | D:6      | 4616 ||| STAIRDANCE
  4720 | D:6      | Found Numal's Specific Store.
  4724 | D:6      | Found Gyakh's General Store.
  4729 | D:6      | 4729 ||| SHOPLISTING +1 robe of willpower (152 gold, have
                  | 62).
  4733 | D:6      | 4733 ||| SHOPLISTING scroll of enchant armour (82 gold,
                  | have 62).
  4733 | D:6      | 4733 ||| SHOPLISTING scroll of enchant weapon (82 gold,
                  | have 62).
  4733 | D:6      | 4733 ||| BUYING scroll of identify (22 gold).
  4733 | D:6      | Bought a scroll of identify for 22 gold pieces
  4808 | D:6      | Reached skill level 9 in Dodging
  4864 | D:6      | HP: 10/40 [kobold brigand/+0 club (7)]
  4868 | D:6      | HP: 3/40 [kobold brigand/+0 club (8)]
  4869 | D:6      | Slain by a kobold brigand

Levels and vault maps discovered:
D:1:      lemuel_arrival_funnel, layout_basic, dk_noncrumbling_2
D:2:      layout_rooms, chequers_ecumenical_altar_lobes, serial_undead,
          serial_undead_d, serial_undead_b, serial_undead_d, serial_undead_e,
          uniq_sigmund
D:3:      layout_loops_ring, st_stairs_8
D:4:      layout_cave_pools, uniq_blork_the_orc
D:5:      layout_loops_cross, ebering_ghost_sewer_d, serial_shops,
          shop_fountains, nicolae_shop_national_dungeon_mall,
          serial_library_regret_index_split_case, st_stairs_5
D:6:      layout_rooms, nicolae_specific_store

Skill      XL: |  1  2  3  4  5  6  7  8 |
---------------+-------------------------+-----
Dodging        | 3 4 5 6 7 9 |  9.0
Ranged Weapons | 6 7 8 9 |  9.0
Fighting       | 2 3 |  3.2
Stealth        | |  1.5

Action                     |  1- 3 |  4- 6 |  7- 9 || total
---------------------------+-------+-------+-------++-------
   Fire: Shortbow          |    49 |   147 |   255 ||   451
  Evoke: Wand              |       |     2 |     1 ||     3
    Use: Scroll            |     6 |     3 |     9 ||    18
 Armour: Robe              |     5 |     9 |    42 ||    56
         Skin              |     3 |       |       ||     3
  Dodge: Dodged            |    21 |    46 |   145 ||   212

Table legend:
 A = Non-vault XP
 B = Vault XP
 C = Vault XP percentage of total XP
 D = Non-vault monster count
 E = Vault monster count
 F = Vault count percentage of total count
                 A         B        C        D         E       F
            +---------+---------+-------+---------+---------+-------
      Total |    1863 |     420 |  18.4 |      91 |      10 |   9.9
            +---------+---------+-------+---------+---------+-------
        D:1 |      41 |       0 |   0.0 |      19 |       0 |   0.0
        D:2 |      40 |     242 |  85.8 |      15 |       6 |  28.6
        D:3 |      39 |       0 |   0.0 |      14 |       0 |   0.0
        D:4 |     443 |      87 |  16.4 |      13 |       1 |   7.1
        D:5 |     572 |      91 |  13.7 |      14 |       3 |  17.6
        D:6 |     728 |       0 |   0.0 |      16 |       0 |   0.0
            +---------+---------+-------+---------+---------+-------
